 Dungeon Crawl Stone Soup version 0.27-a0-679-g77a6b55cf3 (webtiles) character file.

Game seed: 18124826451214021182

216 tilp the Sneak (level 5, -3/37 HPs)
             Began as an Octopode Transmuter on Mar 18, 2021.
             Slain by a kobold
             ... wielding a +0 club
              (5 damage)
             ... on level 3 of the Dungeon.
             The game lasted 00:08:40 (4430 turns).

tilp the Sneak (Octopode Transmuter)                Turns: 4430, Time: 00:08:41

Health: -3/37      AC:  1    Str:  9    XL:     5   Next: 93%
Magic:  7/8        EV: 13    Int: 17    God:
Gold:   20         SH:  0    Dex: 12    Spells: 2/8 levels left

rFire    + . .     SeeInvis .     - Unarmed
rCold    + . .     Faith    .   (no shield)
rNeg     . . .     Spirit   .   (helmet restricted)
rPois    +         Reflect  .   (no amulet)
rElec    +         Harm     .   (no ring)
rCorr    +         Rampage  .   (no ring)
Will     .....                  (no ring)
Stlth    +++.......             (no ring)
HPRegen  0.12/turn              (no ring)
MPRegen  0.11/turn              (no ring)
                                (no ring)
                                (no ring)

@: lethally poisoned (-3 -> -11), resistant, wereblooded (expiring)
A: almost no armour, amphibious, 8 rings, camouflage 1, gelatinous body 1,
nimble swimmer 1, tentacles
a: no special abilities


You were on level 3 of the Dungeon.
You visited 1 branch of the dungeon, and saw 3 of its levels.

You collected 122 gold pieces.
You spent 102 gold pieces at shops.

Inventory:

Missiles
 a - 25 stones (quivered)
Scrolls
 b - 4 scrolls of fear
 d - 3 scrolls of teleportation
 e - 3 scrolls of identify
 f - a scroll of blinking {unknown}
 g - a scroll of brand weapon {unknown}
Potions
 h - a potion of berserk rage


   Skills:
 - Level 4.0 Fighting
 - Level 2.0 Dodging
 - Level 4.0 Stealth
 + Level 4.0 Unarmed Combat
 - Level 2.0 Spellcasting
 - Level 2.0 Transmutations


You had 2 spell levels left.
You knew the following spells:

 Your Spells              Type           Power      Damage    Failure   Level
a - Beastly Appendage     Tmut           16%        N/A       9%          1
b - Wereblood             Tmut           8%         N/A       13%         2
c - Spider Form           Tmut/Pois      2%         N/A       36%         3

Your spell library contained the following spells:

 Spells                   Type           Power      Damage    Failure   Level
 Summon Small Mammal      Summ           4%         N/A       19%         1
 Call Imp                 Summ           1%         N/A       28%         2
 Call Canine Familiar     Summ           1%         N/A       50%         3
 Summon Guardian Golem    Hex/Summ       1%         N/A       50%         3
 Ice Form                 Ice/Tmut       5%         N/A       77%         4
 Summon Ice Beast         Ice/Summ       1%         N/A       88%         4
 Summon Lightning Spire   Summ/Air       1%         N/A       88%         4
 Blade Hands              Tmut           4%         N/A       93%         5


Dungeon Overview and Level Annotations

Branches:
Dungeon (3/15)

Altars:

Shops:
D:1 [   D:2 ?

Annotations:
D:2 exclusions: 2 hobgoblins and worker ant
D:3 1 runed translucent door, Crazy Yiuf


Innate Abilities, Weirdness & Mutations

You cannot wear most types of armour.
You are amphibious.
You can wear up to eight rings at the same time.
Your skin changes colour to match your surroundings (Stealth+).
Your rubbery body absorbs attacks. (AC +1, EV +1)
You are stealthy while swimming. (Stealth+)
You have tentacles for arms and can constrict up to eight enemies at once.


Message History

You tentacle-slap the kobold brigand.
The kobold brigand is severely wounded.
You constrict the kobold brigand, but do no damage.
You feel sick.
A hobgoblin comes into view. It is wielding a +0 club.
The kobold brigand hits you with a +2 dagger of venom.
* * * LOW HITPOINT WARNING * * *
You are lethally poisoned!
You tentacle-slap the kobold brigand but do no damage.
The kobold brigand is severely wounded.
You constrict the kobold brigand.
* * * LOW HITPOINT WARNING * * *
You feel sick. The kobold brigand barely misses you.
Unknown command.
You tentacle-slap the kobold brigand.
The kobold brigand is almost dead.
You constrict the kobold brigand.
* * * LOW HITPOINT WARNING * * *
You feel sick.
Unknown command.
You tentacle-slap the kobold brigand.
You kill the kobold brigand!
You howl as the wereblood boils in your veins!
Your primal bloodlust is almost over.
* * * LOW HITPOINT WARNING * * *
You feel sick.
Your Unarmed Combat skill increases to level 4!
It was a potion of resistance.
You feel protected.
You howl as the wereblood boils in your veins!
* * * LOW HITPOINT WARNING * * *
You feel sick. The kobold misses you.
Unknown command.
You tentacle-slap the kobold but do no damage.
Your grab misses the kobold. You tentacle-slap the kobold.
The kobold is heavily wounded.
You howl as the wereblood boils in your veins!
* * * LOW HITPOINT WARNING * * *
You feel sick. The kobold hits you with a +0 club.
You die...

...# #.# ...# ###.#
>..### #..<#
.....########.#####
##.......#........#
.....#.†........>.#
.......#######....#
≈≈..##..# #....#
≈≈≈.)..##### ###@##
≈≈≈≈≈###.....###K#
###### ...KKK).gK#
# .#####..(K# .
###≈≈≈####.# .#
###≈≈≈≈≈≈≈ #.#
#####≈≈≈≈≈≈≈≈≈ #.#
....##..#≈≈≈# #(#
###.......####...#


You could see a hobgoblin and 3 kobolds.

Vanquished Creatures
  A kobold brigand (D:3)
  3 adders
  An ooze (D:2)
  2 worms
  4 dart slugs
  5 orcs (D:3)
  2 ball pythons
  8 giant cockroaches
  6 goblins
  10 hobgoblins
  15 jackals
  2 quokkas
  11 bats
  4 frilled lizards
  9 kobolds
  6 rats
89 creatures vanquished.

Notes
Turn   | Place    | Note
-------+----------+-------------------------------------------
     0 | D:1      | tilp the Octopode Transmuter began the quest for the Orb.
     0 | D:1      | Reached XP level 1. HP: 13/13 MP: 3/3
    37 | D:1      | Reached skill level 1 in Stealth
   248 | D:1      | Reached XP level 2. HP: 15/18 MP: 5/5
   251 | D:1      | Learned a level 2 spell: Wereblood
   698 | D:1      | Reached XP level 3. HP: 22/23 MP: 4/6
   702 | D:1      | Learned a level 3 spell: Spider Form
   790 | D:1      | Found Kuema's Antique Armour Boutique.
  1857 | D:2      | Found Zoklymm's Magic Scroll Emporium.
  1868 | D:2      | Reached XP level 4. HP: 29/29 MP: 4/7
  1868 | D:2      | Bought a scroll of identify for 24 gold pieces
  2887 | D:2      | Bought a scroll of teleportation for 36 gold pieces
  3682 | D:3      | Reached XP level 5. HP: 20/36 MP: 8/8
  4000 | D:3      | Found a runed translucent door.
  4001 | D:3      | Noticed Crazy Yiuf
  4200 | D:2      | Bought a scroll of fear for 42 gold pieces
  4290 | D:3      | Noticed a kobold brigand
  4388 | D:3      | Noticed a kobold brigand
  4428 | D:3      | Killed a kobold brigand
  4430 | D:3      | Slain by a kobold

Illustrated notes

Levels and vault maps discovered:
D:1:      roderic_crossed_star, layout_basic, serial_shops, nicolae_shop_trees,
          minmay_worlds_worst_comb
D:2:      layout_loops_corners, serial_shops, shop, hangedman_decor_lopped,
          minmay_pentomino_pile
D:3:      cheibrodos_thug_alley, layout_rooms, makhleb_blood_cavern_becter,
          uniq_crazy_yiuf_cottage

Skill      XL: |  1  2  3  4  5 |
---------------+----------------+-----
Stealth        | 2 3 4 |  4.0
Fighting       | 2 3 4 |  4.0
Unarmed Combat | 4 |  4.0
Dodging        | |  2.0
Spellcasting   | |  2.0
Transmutations | |  2.0

Action                   |  1- 3 |  4- 6 || total
-------------------------+-------+-------++-------
Melee: Unarmed           |    84 |   126 ||   210
       Constrict         |    18 |    38 ||    56
       Kick              |    12 |    25 ||    37
       Tentacles         |    13 |    21 ||    34
       Punch             |       |     2 ||     2
Throw: Stone             |       |    12 ||    12
 Cast: Beastly Appendage |    16 |    24 ||    40
       Wereblood         |     3 |     8 ||    11
  Use: Scroll            |       |     2 ||     2
       Potion            |       |     2 ||     2
 Stab: Sleeping          |    12 |     7 ||    19
Armor: Skin              |     6 |     7 ||    13
Dodge: Dodged            |    36 |    74 ||   110

Table legend: (Time is in decaauts)
 A = Elapsed time spent in this place.
 B = Non-inter-level travel time spent in this place.
 C = Inter-level travel time spent in this place.
 D = Time resting spent in this place.
 E = Time spent auto-exploring this place.
 F = Levels seen in this place.
 G = Mean time per level.
                   A        B        C        D        E       F      G
               +--------+--------+--------+--------+--------+-----+--------+
         Total |   4421 |   4144 |    277 |   1034 |   2469 |   3 | 1473.7 |
       Dungeon |   4421 |   4144 |    277 |   1034 |   2469 |   3 | 1473.7 |
               +--------+--------+--------+--------+--------+-----+--------+

Top non-repeatable levels by time:
     D:2: 1914 daAuts
     D:1: 1676 daAuts
     D:3: 830 daAuts
